 Dungeon Crawl Stone Soup version 0.28.0-53-g5a82cb258f (webtiles) character file.

Game seed: 15351767597718522669

228 SanguineChosen the Skirmisher (level 6, -5/39 HPs)
             Began as a Gargoyle Fighter on July 13, 2022.
             Slain by an orc warrior
             ... wielding a +0 mace
              (11 damage)
             ... on level 3 of the Dungeon.
             The game lasted 00:06:18 (3323 turns).

SanguineChosen the Skirmisher (Gargoyle Fighter)    Turns: 3323, Time: 00:06:19

Health: -5/39      AC: 11    Str: 21    XL:     6   Next: 2%
Magic:  6/6        EV:  9    Int:  9    God:
Gold:   91         SH:  4    Dex:  9    Spells: 5/5 levels left

rFire   . . .      SeeInvis .   a - +0 flail
rCold   . . .      Faith    .   c - +0 buckler
rNeg    + . .      Spirit   .   b - +0 scale mail
rPois   ∞          Reflect  .   (no helmet)
rElec   +          Harm     .   (no cloak)
rCorr   .          Rampage  .   (no gloves)
Will    .....                   (no boots)
Stlth   ..........              (no amulet)
HPRegen 0.13/turn               h - ring of wizardry
MPRegen 0.10/turn               (no ring)

@: no status effects
A: sickness immunity, AC +4, negative energy resistance 1, electricity
resistance, torment resistance 1, petrification resistance
a: no special abilities


You were on level 3 of the Dungeon.
You visited 1 branch of the dungeon, and saw 3 of its levels.

You collected 91 gold pieces.

Inventory:

Hand Weapons
 a - a +0 flail (weapon)
Missiles
 g - 10 poisoned darts (quivered)
Armour
 b - a +0 scale mail (worn)
 c - a +0 buckler (worn)
Jewellery
 h - a ring of wizardry (left hand)
 k - a ring of magical power
Scrolls
 d - a scroll of fear {unknown}
 e - 2 scrolls of teleportation {unknown}
 i - 3 scrolls of identify {unknown}
 l - a scroll of vulnerability {unknown}
 m - a scroll of acquirement {unknown}
 n - 3 scrolls of enchant armour {unknown}
 p - 2 scrolls of fog {unknown}
Potions
 f - a potion of mutation {unknown}
 j - a potion of cancellation {unknown}
 o - a potion of degeneration {unknown}


   Skills:
 + Level 4.3 Fighting
 + Level 4.2 Maces & Flails
 + Level 4.3 Armour
 + Level 1.0 Dodging
 + Level 3.8 Shields


You had 5 spell levels left.
You didn't know any spells.
Your spell library contained the following spells:

 Spells                   Type           Power      Damage    Failure   Level
 Blink                    Tloc           0%         N/A       61%         2
 Lesser Beckoning         Tloc           0%         N/A       82%         3
 Manifold Assault         Tloc           0%         N/A       100%        5


Dungeon Overview and Level Annotations

Branches:
Dungeon (3/15)

Altars:


Innate Abilities, Weirdness & Mutations

You are immune to sickness and miasma.
Your stone body is resilient. (AC +4)
You are immune to poison.
You resist negative energy. (rN+)
You are resistant to electric shocks. (rElec)
You are resistant to unholy torment.
You are immune to petrification.


Message History

No target in view!
No target in view!
No target in view!
An orc warrior comes into view. It is wielding a +0 mace.
The orc warrior shouts!
You hit the orc warrior.
The orc warrior is lightly wounded.
The orc warrior barely misses you.
You hit the orc warrior.
The orc warrior is moderately wounded.
The orc warrior hits you but does no damage.
You closely miss the orc warrior.
The orc warrior is moderately wounded.
The orc warrior barely misses you.
The orc warrior hits you with a +0 mace!
You hit the orc warrior.
The orc warrior is heavily wounded.
The orc warrior hits you with a +0 mace!
You closely miss the orc warrior.
The orc warrior is heavily wounded.
The orc warrior hits you but does no damage.
An orc wizard comes into view. It is wielding a +0 dagger.
You barely miss the orc warrior.
The orc warrior is heavily wounded.
The orc wizard shouts!
You hear a shout! x2
The orc warrior barely misses you.
You hear a shout!
You hit the orc warrior but do no damage.
The orc warrior is heavily wounded.
The orc warrior barely misses you.
An orc comes into view. It is wielding a +0 dagger.
You hit the orc warrior.
The orc warrior is heavily wounded.
The orc warrior hits you with a +0 mace!
* * * LOW HITPOINT WARNING * * *
The orc wizard mumbles some strange words.
The orc wizard flickers and vanishes!
Deactivating autopickup; reactivate with Ctrl-A.
The orc warrior hits you with a +0 mace!
You die...

##########
#.o{o@...#
#.######.#
#....# #.#
........#
#.####
####...##
#....#
##.#
####.# ..
#.# ###
#[# #.#


You could see an orc warrior and an orc.

Vanquished Creatures
  A centaur (D:2)
  An orc wizard (D:3)
  Robin (D:2)
  A gnoll (D:2)
  2 adders
  5 worms
  3 dart slugs
  3 orcs (D:3)
  4 ball pythons
  2 endoplasms (D:1)
  A giant cockroach (D:2)
  12 goblins
  4 hobgoblins
  4 jackals (D:2)
  6 kobolds
  4 quokkas
  6 bats
  2 frilled lizards
  2 rats
  A spectral hobgoblin (D:1)
65 creatures vanquished.

Notes
Turn   | Place    | Note
-------+----------+-------------------------------------------
     0 | D:1      | SanguineChosen the Gargoyle Fighter began the quest for the
                  | Orb.
     0 | D:1      | Reached XP level 1. HP: 14/14 MP: 1/1
   107 | D:1      | Found a faded altar of an unknown god.
   200 | D:1      | Reached XP level 2. HP: 7/19 MP: 2/2
  1228 | D:1      | Reached XP level 3. HP: 22/23 MP: 3/3
  2275 | D:2      | Noticed Robin
  2289 | D:2      | Reached XP level 4. HP: 27/29 MP: 4/4
  2298 | D:2      | Killed Robin
  2879 | D:3      | Noticed a centaur
  2890 | D:2      | Killed a centaur
  2891 | D:2      | Reached XP level 5. HP: 26/33 MP: 5/5
  3256 | D:3      | Reached skill level 1 in Dodging
  3259 | D:3      | Reached XP level 6. HP: 35/38 MP: 6/6
  3308 | D:3      | Noticed an orc warrior
  3323 | D:3      | Slain by an orc warrior

Illustrated notes

Levels and vault maps discovered:
D:1:      grunt_arrival_crossed_arrows, layout_loops_ring,
          dreamdust_ecumenical_altar_drowned_temple, grunt_decor_mini_mirrors,
          roderic_serpentine_path
D:2:      layout_loops_corners, cheibrodos_gnoll_hut, uniq_robin
D:3:      layout_loops_ring

Skill      XL: |  1  2  3  4  5 |
---------------+----------------+-----
Armour         | 4 |  4.3
Maces & Flails | 3 4 |  4.2
Fighting       | 4 |  4.3
Dodging        | 1 |  1.0
Shields        | |  3.8

Action                   |  1- 3 |  4- 6 || total
-------------------------+-------+-------++-------
Melee: Flail             |   123 |   115 ||   238
  Use: Potion            |     1 |       ||     1
Armor: Scale mail        |    63 |    67 ||   130
Dodge: Dodged            |    49 |    59 ||   108
Block: Buckler           |    19 |    28 ||    47
